TOP OF THE 1ST |
Topeka Tornados batting - Pitching for Amarillo Archdukes : RHP Ray McIntyre
|
Pitching: RHP Ray McIntyre
|
|
Batting: SHB José González
|
0-0: Foul Ball, location: 2F 0-1: Ball 1-1: Called Strike 1-2: Strikes out swinging
|
Batting: RHB Joe Edwards
|
0-0: Swinging Strike 0-1: SOLO HOME RUN (Flyball, 7LD), Distance : 324 ft
|
Batting: RHB Bob Hall
|
0-0: Ball 1-0: Ball 2-0: Called Strike 2-1: Ground out 6-3 (Groundball, 6)
|
Batting: RHB Gabriel Santana
|
0-0: Called Strike 0-1: SINGLE (Flyball, 7M)
|
Batting: RHB Don Thomas
|
0-0: Ball 1-0: Foul Ball, location: 2F 1-1: Ball 2-1: Foul Ball, location: 2F 2-2: Ball 3-2: Foul Ball, location: 2F 3-2: SINGLE (Groundball, 6MD) Gabriel Santana to second Gabriel Santana to third
|
Batting: LHB Raúl Guerra
|
0-0: Foul Ball, location: 2F 0-1: Fly out, F7 (Flyball, 7M)
|
Top of the 1st over - 1 run(s), 3 hit(s), 0 error(s), 2 left on base; Topeka 1 - Amarillo 0 |
BOTTOM OF THE 1ST |
Amarillo Archdukes batting - Pitching for Topeka Tornados : RHP Clark Edwards
|
Pitching: RHP Clark Edwards
|
|
Batting: RHB Gil Watcham
|
0-0: Called Strike 0-1: Ground out 5-3 (Groundball, 5L)
|
Batting: RHB Nobuharu Hoshino
|
0-0: Fly out, F7 (Line Drive, 7D)
|
Batting: LHB Jorge Martínez
|
0-0: Ball 1-0: Ball 2-0: Ball 3-0: Called Strike 3-1: SOLO HOME RUN (Flyball, 9D), Distance : 358 ft
|
Batting: RHB Norm Francis
|
0-0: SINGLE (Flyball, 78S)
|
Batting: LHB Michael Cook
|
0-0: Ball 1-0: Called Strike 1-1: Ball Norm Francis is caught stealing 2nd base
|
Bottom of the 1st over - 1 run(s), 2 hit(s), 0 error(s), 0 left on base; Topeka 1 - Amarillo 1 |
TOP OF THE 2ND |
Topeka Tornados batting - Pitching for Amarillo Archdukes : RHP Ray McIntyre
|
Batting: LHB Tom Robinson
|
0-0: Called Strike 0-1: Called Strike 0-2: SINGLE (Line Drive, 34D)
|
Batting: RHB Armando Méndez
|
0-0: Called Strike 0-1: Swinging Strike 0-2: Ball 1-2: Strikes out swinging
|
Batting: LHB Pedro Cruz
|
0-0: Called Strike 0-1: Fielders Choice at 2nd, 5-4 (Groundball, 56)
|
Batting: SHB José González
|
0-0: Called Strike Pedro Cruz steals 2nd base 0-1: Ball 1-1: Called Strike 1-2: Foul Ball, location: 2F 1-2: Fly out, F8 (Flyball, 8LM)
|
Top of the 2nd over - 0 run(s), 1 hit(s), 0 error(s), 1 left on base; Topeka 1 - Amarillo 1 |
BOTTOM OF THE 2ND |
Amarillo Archdukes batting - Pitching for Topeka Tornados : RHP Clark Edwards
|
Batting: LHB Michael Cook
|
0-0: Ball 1-0: Ball 2-0: Ball 3-0: Called Strike 3-1: Base on Balls
|
Batting: SHB António De La Cruz
|
0-0: Called Strike 0-1: Called Strike Michael Cook steals 2nd base 0-2: Foul Ball, location: 2F 0-2: Ball 1-2: Foul Ball, location: 2F 1-2: Ball 2-2: Ball 3-2: Base on Balls
|
Batting: RHB Ronald Parsons
|
0-0: Ball 1-0: Called Strike 1-1: Ball 2-1: Foul Ball, location: 2F 2-2: Ball 3-2: Base on Balls Michael Cook to third António De La Cruz to second
|
Batting: RHB José Tamayo
|
Balk! Michael Cook scores António De La Cruz to third Ronald Parsons to second 0-0: Ball 1-0: Ball 2-0: Ball 3-0: Base on Balls
|
Batting: RHB Mark Roy
|
0-0: Ball 1-0: Ball 2-0: Foul Ball, location: 2F 2-1: Foul Ball, location: 2F 2-2: Fly out, F4 (Popup, 4MD)
|
Batting: RHB Gil Watcham
|
0-0: Foul Ball, location: 2F 0-1: Called Strike 0-2: Strikes out swinging
|
Batting: RHB Nobuharu Hoshino
|
0-0: Ball 1-0: Ball 2-0: Ball 3-0: Base on Balls António De La Cruz scores Ronald Parsons to third José Tamayo to second
|
Batting: LHB Jorge Martínez
|
0-0: Called Strike 0-1: Foul Ball, location: 2F 0-2: Ball 1-2: Foul Ball, location: 2F 1-2: Fly out, F6 (Popup, 56)
|
Bottom of the 2nd over - 2 run(s), 0 hit(s), 0 error(s), 3 left on base; Topeka 1 - Amarillo 3 |
TOP OF THE 3RD |
Topeka Tornados batting - Pitching for Amarillo Archdukes : RHP Ray McIntyre
|
Batting: RHB Joe Edwards
|
0-0: Ball 1-0: Ball 2-0: Called Strike 2-1: Foul Ball, location: 2F 2-2: Foul Ball, location: 2F 2-2: Ball 3-2: Fly out, F7 (Line Drive, 7M)
|
Batting: RHB Bob Hall
|
0-0: Ball 1-0: Ball 2-0: Ball 3-0: Called Strike 3-1: Base on Balls
|
Batting: RHB Gabriel Santana
|
0-0: Called Strike 0-1: Foul Ball, location: 2F 0-2: Ball 1-2: Ball 2-2: Reached on error, E1 (Groundball, 13S) Bob Hall to second
|
Batting: RHB Don Thomas
|
0-0: Called Strike 0-1: Ball 1-1: Foul Ball, location: 2F 1-2: Ball 2-2: Foul Ball, location: 2F 2-2: Foul Ball, location: 2F 2-2: Ball 3-2: Ground out 6-3 (Groundball, 6MD) Bob Hall to third Gabriel Santana to second
|
Batting: LHB Raúl Guerra
|
0-0: Called Strike 0-1: Ball 1-1: Ball 2-1: Fly out, F7 (Flyball, 78S)
|
Top of the 3rd over - 0 run(s), 0 hit(s), 1 error(s), 2 left on base; Topeka 1 - Amarillo 3 |
BOTTOM OF THE 3RD |
Amarillo Archdukes batting - Pitching for Topeka Tornados : RHP Clark Edwards
|
Batting: RHB Norm Francis
|
0-0: Ball 1-0: Ball 2-0: Ball 3-0: Called Strike 3-1: Base on Balls
|
Batting: LHB Michael Cook
|
0-0: Ball 1-0: Ball 2-0: Ball 3-0: Base on Balls Norm Francis to second
|
Batting: SHB António De La Cruz
|
0-0: Called Strike 0-1: Ball 1-1: Ball 2-1: Called Strike 2-2: SINGLE (Groundball, 3D) Norm Francis to third Michael Cook to second Runner from 3rd tries for Home, SAFE, no throw or cutoff
|
Batting: RHB Ronald Parsons
|
0-0: Called Strike 0-1: Ball 1-1: Foul Ball, location: 2F 1-2: DOUBLE (Line Drive, 78D) Michael Cook scores António De La Cruz to third
|
Batting: RHB José Tamayo
|
0-0: Ball 1-0: Ground out 5-3 (Groundball, 56) António De La Cruz scores
|
Batting: RHB Mark Roy
|
0-0: Fly out, F4 (Popup, 4M)
|
Batting: RHB Gil Watcham
|
0-0: Foul Ball, location: 2F 0-1: Foul Ball, location: 2F 0-2: Foul Ball, location: 2F 0-2: Foul Ball, location: 2F 0-2: Ground out 4-3 (Groundball, 4)
|
Bottom of the 3rd over - 3 run(s), 2 hit(s), 0 error(s), 1 left on base; Topeka 1 - Amarillo 6 |
TOP OF THE 4TH |
Topeka Tornados batting - Pitching for Amarillo Archdukes : RHP Ray McIntyre
|
Batting: LHB Tom Robinson
|
0-0: Ball 1-0: Ball 2-0: Ball 3-0: Called Strike 3-1: Ground out 4-3 (Groundball, 34)
|
Batting: RHB Armando Méndez
|
0-0: Swinging Strike 0-1: Ball 1-1: Ball 2-1: Called Strike 2-2: Strikes out looking
|
Batting: LHB Pedro Cruz
|
0-0: Called Strike 0-1: Called Strike 0-2: Ball 1-2: Ball 2-2: DOUBLE (Line Drive, 7LM)
|
Batting: SHB José González
|
0-0: Foul Ball, location: 2F Single, Error in OF, E7, batter to second base Pedro Cruz scores
|
Batting: RHB Joe Edwards
|
0-0: Ball 1-0: Called Strike 1-1: Ball 2-1: Ball 3-1: SINGLE (Flyball, 9LM) José González to third
|
Batting: RHB Bob Hall
|
Pickoff Throw to First - Error! E1 José González scores Joe Edwards to second 0-0: Ground out 6-3 (Groundball, 6)
|
Top of the 4th over - 2 run(s), 3 hit(s), 2 error(s), 1 left on base; Topeka 3 - Amarillo 6 |
BOTTOM OF THE 4TH |
Amarillo Archdukes batting - Pitching for Topeka Tornados : RHP Clark Edwards
|
Pitching: LHP Craig Robinson
|
|
Batting: RHB Nobuharu Hoshino
|
0-0: Ball 1-0: Ball 2-0: Ground out 5-3 (Groundball, 5)
|
Batting: LHB Jorge Martínez
|
0-0: Ball 1-0: DOUBLE (Line Drive, 9LM)
|
Batting: RHB Norm Francis
|
0-0: Ball 1-0: Ball 2-0: Called Strike 2-1: Ball 3-1: DOUBLE (Flyball, 7D) Jorge Martínez scores
|
Batting: LHB Michael Cook
|
0-0: 2-RUN HOME RUN (Flyball, 89XD), Distance : 392 ft
|
Batting: SHB António De La Cruz
|
0-0: Ball 1-0: Called Strike 1-1: Called Strike 1-2: Strikes out swinging
|
Batting: RHB Ronald Parsons
|
0-0: Foul Ball, location: 2F 0-1: Swinging Strike 0-2: Ball 1-2: Strikes out looking
|
Bottom of the 4th over - 3 run(s), 3 hit(s), 0 error(s), 0 left on base; Topeka 3 - Amarillo 9 |
TOP OF THE 5TH |
Topeka Tornados batting - Pitching for Amarillo Archdukes : RHP Ray McIntyre
|
Pitching: RHP Frederick Kern
|
|
Batting: RHB Gabriel Santana
|
0-0: Ball 1-0: Ball 2-0: SINGLE (Line Drive, 7S)
|
Batting: RHB Don Thomas
|
0-0: Ball 1-0: Called Strike 1-1: Ball 2-1: Ball 3-1: Foul Ball, location: 2F 3-2: Base on Balls Gabriel Santana to second
|
Batting: LHB Raúl Guerra
|
0-0: Ball 1-0: Ball 2-0: Ball 3-0: Called Strike 3-1: 3-RUN HOME RUN (Flyball, 89XD), Distance : 390 ft
|
Batting: LHB Tom Robinson
|
0-0: Ball 1-0: Ball 2-0: SINGLE (Groundball, 13) (infield hit)
|
Batting: RHB Armando Méndez
|
0-0: Ball 1-0: Foul Ball, location: 2F 1-1: Ball 2-1: Swinging Strike 2-2: Foul Ball, location: 2F 2-2: Strikes out looking
|
Batting: LHB Pedro Cruz
|
0-0: Ball 1-0: Called Strike 1-1: Foul Ball, location: 2F 1-2: Foul Ball, location: 2F 1-2: Strikes out looking
|
Batting: SHB José González
|
0-0: Ball 1-0: Swinging Strike 1-1: Foul Ball, location: 2F 1-2: Strikes out swinging
|
Top of the 5th over - 3 run(s), 3 hit(s), 0 error(s), 1 left on base; Topeka 6 - Amarillo 9 |
BOTTOM OF THE 5TH |
Amarillo Archdukes batting - Pitching for Topeka Tornados : LHP Craig Robinson
|
Batting: RHB José Tamayo
|
0-0: Called Strike 0-1: Ball 1-1: Ball 2-1: Fly out, F9 (Flyball, 9D)
|
Batting: RHB Mark Roy
|
0-0: Ball 1-0: Foul Ball, location: 2F 1-1: Ball 2-1: Ball 3-1: Base on Balls
|
Batting: RHB Gil Watcham
|
0-0: Foul Ball, location: 2F 0-1: Ball 1-1: Foul Ball, location: 2F 1-2: Foul Ball, location: 2F 1-2: Strikes out looking
|
Batting: RHB Nobuharu Hoshino
|
0-0: Ball 1-0: Ball 2-0: Called Strike 2-1: Fly out, F3 (Popup, 3SF)
|
Bottom of the 5th over - 0 run(s), 0 hit(s), 0 error(s), 1 left on base; Topeka 6 - Amarillo 9 |
TOP OF THE 6TH |
Topeka Tornados batting - Pitching for Amarillo Archdukes : RHP Frederick Kern
|
Pitching: RHP Artie Byrne
|
|
Batting: RHB Joe Edwards
|
0-0: Ball 1-0: Swinging Strike 1-1: Foul Ball, location: 2F 1-2: Strikes out swinging
|
Batting: RHB Bob Hall
|
0-0: Ball 1-0: Foul Ball, location: 2F 1-1: Called Strike 1-2: Ball 2-2: Foul Ball, location: 2F 2-2: DOUBLE (Flyball, 78D)
|
Batting: RHB Gabriel Santana
|
0-0: Ball 1-0: Swinging Strike 1-1: Swinging Strike 1-2: Ball 2-2: Ball 3-2: Base on Balls
|
Batting: RHB Don Thomas
|
0-0: Ball 1-0: Ball 2-0: Called Strike 2-1: Foul Ball, location: 2F 2-2: Ball 3-2: Strikes out looking
|
Batting: LHB Raúl Guerra
|
0-0: Called Strike 0-1: Foul Ball, location: 2F 0-2: Ball 1-2: Foul Ball, location: 2F 1-2: Ball 2-2: Foul Ball, location: 2F 2-2: Strikes out looking
|
Top of the 6th over - 0 run(s), 1 hit(s), 0 error(s), 2 left on base; Topeka 6 - Amarillo 9 |
BOTTOM OF THE 6TH |
Amarillo Archdukes batting - Pitching for Topeka Tornados : LHP Craig Robinson
|
Pitching: LHP Pedro Vega
|
|
Batting: LHB Jorge Martínez
|
0-0: Called Strike 0-1: Foul Ball, location: 2F 0-2: Ball 1-2: Fly out, F8 (Flyball, 8RM)
|
Batting: RHB Norm Francis
|
0-0: Ground out 6-3 (Groundball, 6)
|
Batting: LHB Michael Cook
|
0-0: Called Strike 0-1: Ball 1-1: Ball 2-1: Foul Ball, location: 2F 2-2: Foul Ball, location: 2F 2-2: Foul Ball, location: 2F 2-2: Strikes out looking
|
Bottom of the 6th over - 0 run(s), 0 hit(s), 0 error(s), 0 left on base; Topeka 6 - Amarillo 9 |
TOP OF THE 7TH |
Topeka Tornados batting - Pitching for Amarillo Archdukes : RHP Artie Byrne
|
Batting: LHB Tom Robinson
|
0-0: Ball 1-0: Ball 2-0: Ball 3-0: Foul Ball, location: 2F 3-1: Foul Ball, location: 2F 3-2: Ground out 4-3 (Groundball, 4D)
|
Pitching: RHP Pedro Lara
|
|
Batting: RHB Armando Méndez
|
0-0: Ball 1-0: Foul Ball, location: 2F 1-1: Ball 2-1: SINGLE (Groundball, 25) (infield hit)
|
Batting: LHB Pedro Cruz
|
0-0: Foul Ball, location: 2F 0-1: Ball 1-1: Ball 2-1: Ball 3-1: Called Strike 3-2: Foul Ball, location: 2F 3-2: Foul Ball, location: 2F 3-2: Base on Balls Armando Méndez to second
|
Batting: SHB José González
|
0-0: Called Strike 0-1: Ball 1-1: Called Strike 1-2: Ball 2-2: Strikes out swinging
|
Batting: RHB Joe Edwards
|
0-0: Ball 1-0: Foul Ball, location: 2F 1-1: Swinging Strike 1-2: Foul Ball, location: 2F 1-2: Ball 2-2: Ball 3-2: Foul Ball, location: 2F 3-2: Foul Ball, location: 2F 3-2: Foul Ball, location: 2F 3-2: Base on Balls Armando Méndez to third Pedro Cruz to second
|
Batting: RHB Bob Hall
|
0-0: Called Strike 0-1: Foul Ball, location: 2F 0-2: Strikes out swinging
|
Top of the 7th over - 0 run(s), 1 hit(s), 0 error(s), 3 left on base; Topeka 6 - Amarillo 9 |
BOTTOM OF THE 7TH |
Amarillo Archdukes batting - Pitching for Topeka Tornados : LHP Pedro Vega
|
Batting: SHB António De La Cruz
|
0-0: Ball 1-0: Ball 2-0: Ball 3-0: Called Strike 3-1: Called Strike 3-2: Fly out, F8 (Flyball, 8LXD)
|
Batting: RHB Ronald Parsons
|
0-0: Called Strike 0-1: Ball 1-1: Ball 2-1: Ball 3-1: Reached on Error, E4 (Popup, 4M)
|
Batting: RHB José Tamayo
|
0-0: Ball 1-0: Ball 2-0: Ball 3-0: Called Strike 3-1: Base on Balls Ronald Parsons to second
|
Batting: RHB Mark Roy
|
0-0: Ball 1-0: Called Strike 1-1: Ball 2-1: Ball 3-1: Base on Balls Ronald Parsons to third José Tamayo to second
|
Batting: RHB Gil Watcham
|
0-0: Ball 1-0: Ball 2-0: DOUBLE (Line Drive, 7LS) Ronald Parsons scores José Tamayo scores Mark Roy to third
|
Batting: RHB Nobuharu Hoshino
|
0-0: Ball 1-0: Foul Ball, location: 2F 1-1: Ball 2-1: Called Strike 2-2: Strikes out swinging
|
Pitching: RHP Larry Jones
|
|
Batting: LHB Jorge Martínez
|
0-0: Called Strike 0-1: SINGLE (Groundball, 34D) Mark Roy scores Gil Watcham to third Runner from 3rd tries for Home, SAFE, no throw or cutoff
|
Batting: RHB Norm Francis
|
0-0: Called Strike 0-1: Fielders Choice at 2nd, 5-4 (Groundball, 56)
|
Bottom of the 7th over - 4 run(s), 2 hit(s), 1 error(s), 0 left on base; Topeka 6 - Amarillo 13 |
TOP OF THE 8TH |
Topeka Tornados batting - Pitching for Amarillo Archdukes : RHP Pedro Lara
|
Batting: RHB Gabriel Santana
|
0-0: Called Strike 0-1: Ball 1-1: Ball 2-1: Hit by Pitch
|
Batting: RHB Don Thomas
|
0-0: Swinging Strike 0-1: Swinging Strike 0-2: Foul Ball, location: 2F 0-2: Ball 1-2: 2-RUN HOME RUN (Flyball, 7LD), Distance : 332 ft
|
Batting: LHB Raúl Guerra
|
0-0: Called Strike 0-1: Swinging Strike 0-2: Ball 1-2: Strikes out looking
|
Batting: LHB Tom Robinson
|
0-0: Foul Ball, location: 2F 0-1: Called Strike 0-2: Strikes out looking
|
Pitching: RHP Ignacio Beltrán
|
|
Batting: RHB Armando Méndez
|
0-0: Ball 1-0: Ball 2-0: Ball 3-0: Called Strike 3-1: Called Strike 3-2: Base on Balls
|
Batting: LHB Pedro Cruz
|
0-0: 2-RUN HOME RUN (Line Drive, 7LD), Distance : 330 ft
|
Batting: SHB José González
|
0-0: Called Strike 0-1: Ball 1-1: Called Strike 1-2: Strikes out swinging
|
Top of the 8th over - 4 run(s), 2 hit(s), 0 error(s), 0 left on base; Topeka 10 - Amarillo 13 |
BOTTOM OF THE 8TH |
Amarillo Archdukes batting - Pitching for Topeka Tornados : RHP Larry Jones
|
Batting: LHB Michael Cook
|
0-0: Foul Ball, location: 2F 0-1: Ball 1-1: Foul Ball, location: 2F 1-2: Foul Ball, location: 2F 1-2: Ground out U3 (Groundball, 3)
|
Batting: SHB António De La Cruz
|
0-0: Ball 1-0: Swinging Strike 1-1: SINGLE (Line Drive, 4M)
|
Batting: RHB Ronald Parsons
|
0-0: Ball 1-0: SINGLE (Line Drive, 56D) António De La Cruz to second
|
Batting: RHB José Tamayo
|
0-0: Called Strike 0-1: Ball 1-1: Swinging Strike 1-2: Strikes out swinging
|
Batting: RHB Mark Roy
|
0-0: Ball 1-0: Ball 2-0: Ball 3-0: Base on Balls António De La Cruz to third Ronald Parsons to second
|
Batting: RHB Gil Watcham
|
0-0: Ball 1-0: Ball 2-0: Foul Ball, location: 2F 2-1: Foul Ball, location: 2F 2-2: Foul Ball, location: 2F 2-2: Fly out, F8 (Flyball, 8LD)
|
Bottom of the 8th over - 0 run(s), 2 hit(s), 0 error(s), 3 left on base; Topeka 10 - Amarillo 13 |
TOP OF THE 9TH |
Topeka Tornados batting - Pitching for Amarillo Archdukes : RHP Ignacio Beltrán
|
Batting: RHB Joe Edwards
|
0-0: Called Strike 0-1: Ball 1-1: Foul Ball, location: 2F 1-2: Ball 2-2: Ball 3-2: Strikes out swinging
|
Batting: RHB Bob Hall
|
0-0: Called Strike 0-1: Foul Ball, location: 2F 0-2: Ball 1-2: Ball 2-2: Foul Ball, location: 2F 2-2: Ball 3-2: Foul Ball, location: 2F 3-2: Strikes out swinging
|
Batting: RHB Gabriel Santana
|
0-0: Ball 1-0: Called Strike 1-1: Foul Ball, location: 2F 1-2: Ground out 4-3 (Groundball, 4)
|
Top of the 9th over - 0 run(s), 0 hit(s), 0 error(s), 0 left on base; Topeka 10 - Amarillo 13 |
|